 Dungeon Crawl Stone Soup version 0.29-a0-1009-g60c99734e7 (webtiles) character file.

Game seed: 17806752919418771255

154 iguanaiguana the Stinger (level 5, -2/28 HPs)
             Began as a Gargoyle Venom Mage on Aug 9, 2022.
             Slain by Natasha (4 damage)
             ... on level 3 of the Dungeon.
             The game lasted 00:05:45 (2546 turns).

iguanaiguana the Stinger (Gargoyle Venom Mage)      Turns: 2546, Time: 00:05:46

Health: -2/28      AC:  8    Str: 11    XL:     5   Next: 36%
Magic:  4/8        EV: 11    Int: 18    God:
Gold:   112        SH:  0    Dex: 10    Spells: 5/8 levels left

rFire   . . .      SeeInvis .   f - +4 dagger (elec)
rCold   . . .      Faith    .   (no shield)
rNeg    + . .      Spirit   .   p - +1 animal skin
rPois   ∞          Reflect  .   o - +0 helmet
rElec   +          Harm     .   (no cloak)
rCorr   .          Rampage  .   (no gloves)
Will    .....                   (no boots)
Stlth   ++........              (no amulet)
HPRegen 0.09/turn               c - +4 ring of slaying
MPRegen 0.11/turn               (no ring)

@: slowed, very slow
A: sickness immunity, AC +4, negative energy resistance 1, electricity
resistance, torment resistance 1, petrification resistance
a: no special abilities


You were on level 3 of the Dungeon.
You visited 1 branch of the dungeon, and saw 3 of its levels.

You collected 112 gold pieces.

Inventory:

Hand Weapons
 f - a +4 dagger of electrocution (weapon)
Missiles
 e - 7 poisoned darts
Armour
 a - a +0 robe
 o - a +0 helmet (worn)
 p - a +1 animal skin (worn)
Jewellery
 c - a +4 ring of slaying (left hand)
Scrolls
 d - a scroll of immolation {unknown}
 g - a scroll of torment {unknown}
 h - a scroll of noise {unknown}
 l - a scroll of teleportation {unknown}
 n - a scroll of blinking {unknown}
 q - a scroll of fear {unknown}
 r - a scroll of enchant weapon {unknown}
Potions
 b - 3 potions of magic
 i - a potion of curing {unknown}
 j - a potion of might {unknown}
 k - 3 potions of flight {unknown}
 m - a potion of degeneration {unknown}


   Skills:
 - Level 2.0 Short Blades
 - Level 1.5 Dodging
 - Level 2.1 Stealth
 - Level 2.0 Spellcasting
 - Level 0.7 Transmutations
 + Level 1.2 Air Magic
 - Level 5.0 Poison Magic


You had 5 spell levels left.
You knew the following spells:

 Your Spells              Type           Power      Damage    Failure   Level
a - Sting                 Tmut/Pois      48%        1d5       5%          1
b - Poisonous Vapours     Pois/Air       24%        N/A       8%          2

Your spell library contained the following spells:

 Spells                   Type           Power      Damage    Failure   Level
 Olgreb's Toxic Radiance  Pois           19%        N/A       22%         4
 Mephitic Cloud           Conj/Pois/Air  9%         N/A       24%         3
 Blink                    Tloc           2%         N/A       26%         2
 Lesser Beckoning         Tloc           1%         N/A       47%         3
 Manifold Assault         Tloc           1%         N/A       99%         5


Dungeon Overview and Level Annotations

Branches:
Dungeon (3/15) Zot: 15441

Altars:
Yredelemnul

Annotations:
D:3 1 transporter, Manisian's ghost, amateur SpEn; Natasha


Innate Abilities, Weirdness & Mutations

You are immune to sickness and miasma.
Your stone body is resilient. (AC +4)
You are immune to poison.
You resist negative energy. (rN+)
You are resistant to electric shocks. (rElec)
You are resistant to unholy torment.
You are immune to petrification.


Message History

Press: ? - help, Dir - move target, f - Natasha
Aim: Natasha, carrying a wand of light (5) Poisonous vapours surround Natasha!
Natasha is poisoned.
The crimson imp blinks!
Casting: Poisonous Vapours (safe; 8% risk of failure)
Confirm with . or Enter, or press ? or * to list all spells.
Aiming: Poisonous Vapours (safe; 8% risk of failure)
Press: ? - help, Dir - move target, f/p - Natasha
Aim: Natasha, carrying a wand of light (5) (lightly wounded, poisoned) Poisonous vapours surround Natasha!
Natasha looks even sicker.
The crimson imp blinks!
You hit the quokka but do no damage. You hit the quokka.
The quokka is heavily wounded.
You puncture the quokka!
You kill the quokka!
The goblin shoots a sling bullet.
Natasha zaps a wand.
The bolt of light hits the goblin!
The goblin dies!
The bolt of light hits you!
Casting: Poisonous Vapours (safe; 8% risk of failure)
Confirm with . or Enter, or press ? or * to list all spells.
Aiming: Sting (safe; 5% risk of failure)
Press: ? - help, Shift-Dir - straight line, f/p - Natasha
Aim: Natasha, carrying a wand of light (4) (heavily wounded, very poisoned, 64% to hit)
The sting misses Natasha.
Natasha zaps a wand.
The bolt of light hits you.
You are confused.
* * * LOW HITPOINT WARNING * * *
You're too confused to cast spells.
You're too confused to cast spells.
Unknown command.
Natasha zaps a wand.
The bolt of light hits you!
* * * LOW HITPOINT WARNING * * *
You see here a quokka corpse.
You are too confused!
You are too confused!
You're too confused to move!
You feel less confused. Natasha claws you.
You die...

..##.## #..>.##.# # #©..#
##.#.##.# .# ##..#
#.#.##..##.#
#..#######.#.##.#...#
#............ ......#
##.###.####.## ..... ####.
#......# ##.## #..# g...
#...#..###...####..# ...#
.#.#...........@h55.##...###
##.####...#...#####.........
..######.##............###
..............#......?.....
#######.####.#.######.##.#
#.# #.#.# .. #.# #.#.# #.#
#.# #.#.# . #.# #.#.#


You could see Natasha (poisoned), a crimson imp (summoned) and a shadow imp
(summoned).

Vanquished Creatures
  Terence (D:2)
  A hound zombie (D:3)
  Robin (D:2)
  2 adders (D:2)
  An adder zombie (D:3)
  3 worms (D:2)
  3 dart slugs
  8 ball pythons
  4 endoplasms
  12 goblins
  11 hobgoblins
  3 kobolds (D:1)
  3 quokkas
  3 bats
  2 frilled lizards
  A jackal zombie (D:3)
  5 rats
64 creatures vanquished.

Vanquished Creatures (others)
  A goblin (D:3)
1 creature vanquished.

Grand Total: 65 creatures vanquished

Notes
Turn   | Place    | Note
-------+----------+-------------------------------------------
     0 | D:1      | iguanaiguana the Gargoyle Venom Mage began the quest for
                  | the Orb.
     0 | D:1      | Reached XP level 1. HP: 10/10 MP: 3/3
   215 | D:1      | Reached XP level 2. HP: 11/15 MP: 1/5
   586 | D:1      | Reached skill level 1 in Short Blades
   655 | D:1      | Reached XP level 3. HP: 19/19 MP: 6/6
   994 | D:2      | Noticed Terence
  1002 | D:1      | Learned a level 2 spell: Poisonous Vapours
  1194 | D:2      | Reached skill level 4 in Poison Magic
  1290 | D:1      | Reached XP level 4. HP: 23/24 MP: 5/7
  1363 | D:2      | Killed Terence
  1588 | D:2      | Found a faded altar of an unknown god.
  1633 | D:2      | Noticed Robin
  1890 | D:2      | Killed Robin
  2045 | D:2      | Reached XP level 5. HP: 28/28 MP: 5/8
  2373 | D:2      | Reached skill level 5 in Poison Magic
  2422 | D:3      | Found a basalt altar of Yredelemnul.
  2445 | D:3      | Reached skill level 1 in Air Magic
  2484 | D:3      | Found a transporter.
  2490 | D:3      | Noticed Manisian's ghost (amateur SpEn)
  2532 | D:3      | Noticed Natasha
  2546 | D:3      | Slain by Natasha

Illustrated notes

Levels and vault maps discovered:
D:1:      zelgadis_glass_arrival_small, layout_basic
D:2:      layout_rooms, shapermc_ecumenical_altar_starsandcircs,
          grunt_ministairs_8, uniq_terence, uniq_robin
D:3:      layout_loops_ring, marbit_many_paths,
          nicolae_yredelemnul_corpse_copse, gammafunk_ghost_stat_death,
          uniq_natasha

Skill      XL: |  1  2  3  4  5 |
---------------+----------------+-----
Short Blades   | 1 2 |  2.0
Poison Magic   | 4 5 |  5.0
Air Magic      | 1 |  1.2
Dodging        | |  1.5
Stealth        | |  2.1
Spellcasting   | |  2.0
Transmutations | |  0.7

Action                   |  1- 3 |  4- 6 || total
-------------------------+-------+-------++-------
Melee: War axe           |    11 |       ||    11
       Unarmed           |     3 |       ||     3
       Dagger            |    42 |    57 ||    99
 Cast: Sting             |     7 |     8 ||    15
       Poisonous Vapours |     2 |    12 ||    14
 Stab: Sleeping          |     3 |     2 ||     5
Armor: Robe              |    20 |    19 ||    39
       Animal skin       |       |    11 ||    11
Dodge: Dodged            |    28 |    48 ||    76

Table legend: (Time is in decaauts)
 A = Elapsed time spent in this place.
 B = Non-inter-level travel time spent in this place.
 C = Inter-level travel time spent in this place.
 D = Time resting spent in this place.
 E = Time spent auto-exploring this place.
 F = Levels seen in this place.
 G = Mean time per level.
                   A        B        C        D        E       F      G
               +--------+--------+--------+--------+--------+-----+--------+
         Total |   2557 |   2369 |    188 |    284 |   1544 |   3 |  852.3 |
       Dungeon |   2557 |   2369 |    188 |    284 |   1544 |   3 |  852.3 |
               +--------+--------+--------+--------+--------+-----+--------+

Top non-repeatable levels by time:
     D:1: 1285 daAuts
     D:2: 1116 daAuts
     D:3: 154 daAuts
